 Dungeon Crawl Stone Soup version 0.29.1-13-g9f3cf754e1 (webtiles) character file.

Game seed: 15731286284691523839

9192 javelincjr the Summoner (level 11, 0/54 HPs)
             Began as a Tengu Summoner on Feb 9, 2023.
             Was a Believer of Sif Muna.
             Slain by a wolf (8 damage)
             ... led by Grum
             ... on level 10 of the Dungeon.
             The game lasted 01:16:13 (13180 turns).

javelincjr the Summoner (Tengu Summoner)           Turns: 13180, Time: 01:16:14

Health: 0/54       AC:  4    Str: 10    XL:     11   Next: 42%
Magic:  0/34       EV: 14    Int: 17    God:    Sif Muna [**....]
Gold:   812        SH:  0    Dex: 16    Spells: 9/29 levels left

rFire   + . .      SeeInvis .   M - +3 halberd (freeze)
rCold   . . .      Faith    .   (shield currently unavailable)
rNeg    . . .      Spirit   +   H - +1 ring mail {rF+}
rPois   .          Reflect  .   (helmet restricted)
rElec   .          Harm     .   (no cloak)
rCorr   .          Rampage  .   (no gloves)
Will    .....      Rage     3%  (boots unavailable)
Stlth   ++........              u - amulet of guardian spirit
HPRegen 0.18/turn               p - ring of wizardry
MPRegen 0.24/turn               L - ring of magical power

@: brilliant, flying quickly and evasively, quick
A: beak, talons 3, nimble flight, berserk 1, deformed body, frail 1, devolution
1
a: Renounce Religion, Channel Magic


You were on level 10 of the Dungeon.
You worshipped Sif Muna.
Sif Muna was pleased with you.
You visited 2 branches of the dungeon, and saw 11 of its levels.

You collected 812 gold pieces.

Inventory:

Hand Weapons
 f - a +3 shortbow of chaos
 j - a +2 dagger of draining
 o - a +2 halberd of freezing
 s - a +3 sling
 v - a +2 spear of venom
 M - a +3 halberd of freezing (weapon)
Missiles
 e - 111 stones
 J - 34 poisoned darts
Armour
 m - +0 steam dragon scales
 H - a +1 ring mail of fire resistance (worn)
Jewellery
 g - a ring of poison resistance
 p - a ring of wizardry (left hand)
 u - an amulet of guardian spirit (around neck)
 C - a +4 ring of protection
 L - a ring of magical power (right hand)
Wands
 d - a wand of acid (9)
Scrolls
 h - 4 scrolls of fog
 i - 3 scrolls of teleportation
 n - 3 scrolls of blinking
 t - 2 scrolls of amnesia
 w - 2 scrolls of immolation
Potions
 a - a potion of ambrosia
 b - a potion of magic
 c - a potion of brilliance
 k - 3 potions of curing
 l - a potion of resistance
 B - 2 potions of heal wounds {unknown}
 D - 2 potions of flight {unknown}
 E - a potion of lignification {unknown}
 F - 2 potions of haste
 G - a potion of berserk rage {unknown}
 I - 2 potions of might {unknown}
Miscellaneous
 r - a tin of tremorstones (1/2)


   Skills:
 + Level 3.3 Fighting
 - Level 0.1 Maces & Flails
 + Level 7.0 Polearms
 + Level 0.7 Ranged Weapons
 + Level 6.0 Armour
 + Level 4.0 Dodging
 + Level 4.6 Stealth
 + Level 9.7 Spellcasting
 + Level 1.1 Hexes
 + Level 11.7 Summonings
 + Level 3.0 Air Magic


You had 9 spell levels left.
You knew the following spells:

 Your Spells              Type           Power      Damage    Failure   Level
a - Summon Small Mammal   Summ           100%       N/A       1%          1
b - Call Imp              Summ           64%        N/A       1%          2
c - Call Canine Familiar  Summ           64%        N/A       1%          3
d - Summon Guardian Gole  Hex/Summ       45%        N/A       1%          3
e - Summon Lightning Spi  Summ/Air       49%        N/A       4%          4
f - Summon Hydra          Summ           32%        N/A       45%         7

Your spell library contained the following spells:

 Spells                   Type           Power      Damage    Failure   Level
 Apportation              Tloc           24%        N/A       9%          1
 Freeze                   Ice            48%        1d7       9%          1
 Magic Dart               Conj           48%        1d5       9%          1
 Necrotise                Necr           48%        1d6       9%          1
 Searing Ray              Conj           24%        2d5       12%         2
 Portal Projectile        Hex/Tloc       30%        N/A       19%         3
 Frozen Ramparts          Ice            24%        1d4       24%         3
 Ozocubu's Armour         Ice            12%        N/A       24%         3
 Fulminant Prism          Conj/Hex       7%         3d7       50%         4
 Animate Dead             Necr           12%        N/A       58%         4
 Hailstorm                Conj/Ice       12%        3d5       58%         4
 Haunt                    Necr/Summ      21%        N/A       99%         7
 Spellforged Servitor     Conj/Summ      21%        N/A       99%         7
 Ozocubu's Refrigeration  Ice            6%         4d8       100%        7
 Infestation              Necr           6%         N/A       100%        8


Dungeon Overview and Level Annotations

Branches:
Dungeon (10/15)            Temple (1/1) D:6            Lair (0/5) D:9
    Orc: D:9-12

Altars:
Ashenzari
Cheibriados
Dithmenos
Elyvilon
Fedhas
Gozag
Hepliaklqana
Kikubaaqudgha
Makhleb
Nemelex Xobeh
Okawaru
Qazlal
Ru
Sif Muna
Trog
Uskayaw
Vehumet
Wu Jian
Xom
Yredelemnul
Zin
The Shining One

Shops:
D:9 (

Annotations:
D:10 Grum


Innate Abilities, Weirdness & Mutations

You have a beak for a mouth.
You have claws for feet.
Your magical nature lets you fly swiftly and evasively.
You sometimes lose your temper in combat.
Armour fits poorly on your strangely shaped body.
You are frail. (-10% HP)
You have hidden genetic defects.


Message History

* * * LOW HITPOINT WARNING * * *
Grum shouts, "Rex!
Good boy!"
Grum closely misses you.
The wolf howls!
The wolf bites you but does no damage. The wolf barely misses you.
Things that are here:
a +0 giant club; an ogre corpse You are too injured to fight recklessly!
It was a potion of brilliance.
You feel clever all of a sudden.
Your lightning spire shoots out a bolt of lightning at the wolf!
The bolt of electricity hits the wolf! x2; The bolt of electricity hits Grum!
The bolt of electricity hits the wolf!
The wolf misses you.
Okay, then.
The wolf completely misses you. The wolf bites your lightning spire!
The wolf closely misses you. The wolf bites you.
You see here a +0 giant club.
Casting: Summon Lightning Spire (dangerous; 4% risk of failure)
Confirm with . or Enter, or press ? or * to list all spells.
You feel a surge of power! The wolf bites you but does no damage.
The wolf closely misses you. The wolf barely misses you.
Your warg barely misses the wolf.
Things that are here:
a +0 dire flail; the ogre corpse of Lodul Your warg bites the wolf!!
The wolf dies!
Sif Muna accepts your kill. The wolf attacks as you move away!
The wolf bites you.
* * * LOW HITPOINT WARNING * * *
The wolf closely misses you.
You are too injured to fight recklessly!
Unknown command.
You are too injured to fight recklessly!
You barely miss the wolf. Your kick misses the wolf.
The wolf is heavily wounded.
The wolf bites you!
You die...

..###.....###.#
...#.......##ยง#
#.........g)8# ..
..#.......###.......
#.## #.##..h).##
.###### ... #....
#.###)))## .# ... .._.
#.# #.)## .# ...
...#.###h.# .# #.#
#.###.#...@..# .# #.#
.........###.# .# #.#
#.#######.## #)# ## #.#
#.........# #)# ..
#.#########.######.#.#
...##................#
#.....#############...#
##.#### #...# #.# ....#


You could see Grum (distracted, ally target), a wolf and a friendly warg
(summoned).

Vanquished Creatures
  A boulder beetle (D:7)
  Lodul (D:10)
  A shadow (D:10)
  2 wyverns
  A steam dragon (D:9)
  A warg (D:10)
  An acid dragon (D:8)
  2 ogres
  An orc warrior (D:7)
  2 sky beasts (D:7)
  An ice beast (D:7)
  2 kobold brigands
  A phantom (D:5)
  3 bullfrogs
  A necrophage (D:5)
  3 scorpions
  A wight (D:8)
  2 howler monkeys
  2 electric eels (D:7)
  2 hounds (D:5)
  3 orc priests
  4 iguanas
  6 orc wizards
  6 gnolls
  7 adders
  A shadow imp (D:6)
  A white imp (D:7)
  A worm (D:5)
  6 dart slugs (D:5)
  16 orcs
  3 bats
  3 endoplasms
  3 goblins
  3 hobgoblins
  A jackal (D:3)
  12 kobolds
  4 quokkas
  2 ball pythons (D:1)
  2 frilled lizards
  6 rats
121 creatures vanquished.

Vanquished Creatures (collateral kills)
  A death yak (D:9)
  A hornet (D:9)
  A steam dragon (D:9)
  2 water moccasins (D:5)
  An acid dragon (D:9)
  2 orc warriors
  2 ice beasts
  6 ogres
  A black bear (D:9)
  A sky beast (D:7)
  A wolf (D:10)
  2 centaurs
  2 kobold brigands
  A gnoll sergeant (D:9)
  4 bullfrogs
  A necrophage (D:4)
  3 wights (D:8)
  A howler monkey (D:10)
  An electric eel (D:7)
  A jelly (D:5)
  An orc priest (D:9)
  A hound (D:6)
  3 gnoll boudas
  4 iguanas
  7 orc wizards
  2 adders
  15 gnolls
  A shadow imp (D:6)
  An ufetubus (D:6)
  7 dart slugs
  17 orcs
  3 endoplasms
  2 giant cockroaches
  4 goblins
  A hobgoblin (D:2)
  2 jackals (D:3)
  2 quokkas
  6 ball pythons
  3 bats
  2 frilled lizards (D:1)
  10 kobolds
  7 rats
136 creatures vanquished.

Vanquished Creatures (others)
  A two-headed ogre (D:9)
  A komodo dragon (D:10)
  A basilisk (D:9)
  An ogre (D:10)
  2 centaurs
  A gnoll bouda (D:6)
  An orc wizard (D:6)
  3 gnolls (D:6)
  An orc (D:6)
  2 fungi
  9 plants
23 creatures vanquished.

Grand Total: 280 creatures vanquished

Notes
Turn   | Place    | Note
-------+----------+-------------------------------------------
     0 | D:1      | javelincjr the Tengu Summoner began the quest for the Orb.
     0 | D:1      | Reached XP level 1. HP: 10/10 MP: 4/4
    64 | D:1      | Reached skill level 5 in Summonings
   146 | D:1      | Reached XP level 2. HP: 15/15 MP: 4/6
   668 | D:1      | Reached XP level 3. HP: 18/19 MP: 4/7
  1641 | D:2      | Learned a level 2 spell: Call Imp
  1645 | D:2      | Learned a level 3 spell: Call Canine Familiar
  1671 | D:2      | Got the Papyrus of the Compass and Beckoning
  1834 | D:2      | Found a faded altar of an unknown god.
  1893 | D:2      | Reached XP level 4. HP: 19/24 MP: 8/8
  2455 | D:3      | Reached skill level 6 in Summonings
  2768 | D:3      | Gained mutation: Your magical nature lets you fly swiftly
                  | and evasively. [Tengu growth]
  2768 | D:3      | Reached XP level 5. HP: 19/28 MP: 7/11
  3123 | D:3      | Found a blossoming altar of Fedhas.
  3359 | D:4      | Noticed an ogre
  3366 | D:4      | Killed an ogre
  3367 | D:4      | Reached skill level 1 in Polearms
  3367 | D:4      | Reached skill level 1 in Armour
  3367 | D:4      | Reached XP level 6. HP: 28/33 MP: 9/13
  3808 | D:4      | Found an ornate altar of the Wu Jian Council.
  3986 | D:4      | Reached skill level 7 in Summonings
  3986 | D:4      | Reached XP level 7. HP: 37/37 MP: 2/14
  4416 | D:5      | Entered Level 5 of the Dungeon
  4868 | D:5      | Reached skill level 5 in Spellcasting
  4939 | D:5      | Reached skill level 1 in Fighting
  4939 | D:5      | Reached XP level 8. HP: 28/43 MP: 7/16
  5199 | D:5      | Reached skill level 8 in Summonings
  5377 | D:5      | Learned a level 3 spell: Summon Guardian Golem
  5684 | D:5      | Found a hazy altar of Hepliaklqana.
  6869 | D:6      | Reached skill level 9 in Summonings
  6869 | D:6      | Reached XP level 9. HP: 14/47 MP: 6/19
  7068 | D:5      | Learned a level 4 spell: Summon Lightning Spire
  8005 | D:6      | Found a staircase to the Ecumenical Temple.
  8013 | Temple   | Entered the Ecumenical Temple
  8013 | Temple   | Noticed a Brimstone Fiend
  8014 | Temple   | Noticed a soul eater
  8014 | Temple   | Noticed Ruinoscho the pandemonium lord
  8014 | Temple   | Noticed a Hell Sentinel
  8014 | Temple   | Noticed Kaetoos the pandemonium lord
  8016 | Temple   | Noticed a Brimstone Fiend
  8017 | Temple   | Noticed Gaekedd the pandemonium lord
  8017 | Temple   | Noticed an Executioner
  8017 | Temple   | Noticed a sun demon
  8037 | Temple   | Noticed an orange demon
  8058 | Temple   | Noticed Qarrucao the pandemonium lord
  8066 | Temple   | Noticed a smoke demon
  8076 | Temple   | Noticed Niraa the pandemonium lord
  8089 | Temple   | Noticed Rixzohoc the pandemonium lord
  8103 | Temple   | Became a worshipper of Sif Muna the Loreminder
  8120 | Temple   | Gained mutation: You are partially covered in large bone
                  | plates. (SH +4) [potion of mutation]
  8120 | Temple   | Gained mutation: You have a pair of small antennae on your
                  | head. [potion of mutation]
  8121 | Temple   | Lost mutation: You are partially covered in large bone
                  | plates. (SH +4) [potion of mutation]
  8121 | Temple   | Lost mutation: You have a pair of small antennae on your
                  | head. [potion of mutation]
  8121 | Temple   | Gained mutation: You passively dampen the noise of your
                  | surroundings. [potion of mutation]
  8121 | Temple   | Gained mutation: You have a pair of small horns on your
                  | head. [potion of mutation]
  8122 | Temple   | Lost mutation: You have a pair of small horns on your head.
                  | [potion of mutation]
  8122 | Temple   | Lost mutation: You passively dampen the noise of your
                  | surroundings. [potion of mutation]
  8122 | Temple   | Gained mutation: Your system is resistant to poisons.
                  | (rPois) [potion of mutation]
  8122 | Temple   | Gained mutation: You have hidden genetic potential. [potion
                  | of mutation]
  8122 | Temple   | Gained mutation: Your flesh is heat resistant. (rF+)
                  | [potion of mutation]
  9131 | D:7      | Noticed a boulder beetle
  9185 | D:7      | Killed a boulder beetle
  9186 | D:7      | Reached skill level 5 in Polearms
  9186 | D:7      | Reached skill level 10 in Summonings
  9186 | D:7      | Reached skill level 1 in Air Magic
  9186 | D:7      | Reached XP level 10. HP: 53/53 MP: 22/22
  9738 | D:8      | Reached * piety under Sif Muna
  9758 | D:8      | Gained mutation: You are robust. (+10% HP) [hidden
                  | potential]
 10391 | D:8      | Identified the +5 plate armour of Yfaups {rCorr Str+3}
 11043 | D:9      | Reached skill level 5 in Armour
 11150 | D:9      | Noticed a death yak
 11160 | D:9      | Killed a death yak
 11161 | D:9      | Reached skill level 1 in Hexes
 11162 | D:9      | Found a staircase to the Lair.
 11178 | D:9      | Reached skill level 11 in Summonings
 11331 | D:9      | Reached ** piety under Sif Muna
 11368 | D:9      | Learned a level 7 spell: Summon Hydra
 11697 | D:9      | Found Ahuojer's Antique Weapon Emporium.
 11840 | D:9      | Noticed a two-headed ogre
 11855 | D:9      | Killed a two-headed ogre
 11856 | D:9      | Reached XP level 11. HP: 63/63 MP: 24/25
 11944 | D:9      | Gained mutation: Your muscles are strong. (Str +4, Int/Dex
                  | -1) [hidden potential]
 11944 | D:9      | Lost mutation: You have hidden genetic potential. [hidden
                  | potential expressed]
 12143 | D:10     | Entered Level 10 of the Dungeon
 12161 | D:10     | Lost mutation: Your flesh is heat resistant. (rF+) [potion
                  | of mutation]
 12161 | D:10     | Lost mutation: Your system is resistant to poisons. (rPois)
                  | [potion of mutation]
 12161 | D:10     | Lost mutation: You are robust. (+10% HP) [potion of
                  | mutation]
 12161 | D:10     | Lost mutation: Your muscles are strong. (Str +4, Int/Dex
                  | -1) [potion of mutation]
 12163 | D:10     | Gained mutation: You have hidden genetic defects. [potion
                  | of mutation]
 12163 | D:10     | Gained mutation: You sometimes lose your temper in combat.
                  | [potion of mutation]
 12163 | D:10     | Gained mutation: Armour fits poorly on your strangely
                  | shaped body. [potion of mutation]
 12999 | D:10     | Found a glowing golden altar of the Shining One.
 13013 | D:10     | Noticed Lodul
 13062 | D:10     | Killed Lodul
 13074 | D:10     | Gained mutation: You are frail. (-10% HP) [hidden defects]
 13158 | D:10     | Noticed Grum
 13180 | D:10     | Slain by a wolf

Illustrated notes

Levels and vault maps discovered:
D:1:      dpeg_arrival_ratfight, layout_rooms, minmay_tromino_i4
D:2:      layout_rooms, shapermc_ecumenical_altar_acropolis
D:3:      layout_loops_cross, fedhas_altar_3, corexii_hall_statues_x,
          chequers_serial_rivers_micro_b
D:4:      layout_gridville, mainiacjoe_overflow_catwalk
D:5:      kennysheep_slugbush, layout_rooms, mainiacjoe_overflow_alcove_2,
          minmay_starry_boxes
D:6:      layout_layer_cave, minmay_temple_entry_enclosed_plants
D:7:      layout_loops_ring, chequers_big_river
D:8:      layout_loops_corners
D:9:      layout_basic, david_lair_generic, minivault_1, kennysheep_small_square
D:10:     layout_loops_ring, mainiacjoe_overflow_cross_hatched, david_orc_3,
          minmay_misc_feat_chi, grunt_decor_resistance, st_stairs_7, uniq_grum,
          uniq_lodul
Temple:   nicolae_temple_panitentiary

Skill      XL: |  1  2  3  4  5  6  7  8  9 10 11 |
---------------+----------------------------------+-----
Summonings     | 5 6 7 9 10 11 | 11.7
Spellcasting   | 3 4 5 6 7 9 |  9.7
Polearms       | 1 2 4 5 6 7 |  7.0
Armour         | 1 2 3 4 5 6 |  6.0
Stealth        | 3 4 |  4.6
Fighting       | 1 2 3 |  3.3
Dodging        | 3 4 |  4.0
Air Magic      | 1 2 3 |  3.0
Hexes          | 1 |  1.1
Maces & Flails | |  0.1
Ranged Weapons | |  0.7

Action                   |  1- 3 |  4- 6 |  7- 9 | 10-12 || total
-------------------------+-------+-------+-------+-------++-------
Melee: Unarmed           |    15 |       |       |       ||    15
       Peck              |    13 |     4 |    22 |    17 ||    56
       Club              |    14 |       |       |       ||    14
       Kick              |    11 |    11 |    43 |    25 ||    90
       Spear             |    18 |    53 |   235 |    58 ||   364
       Punch             |     1 |       |     2 |       ||     3
       Halberd           |       |       |       |    70 ||    70
 Fire: Shortbow          |       |       |       |     7 ||     7
 Cast: Summon Small Mamm |    61 |    18 |    38 |     6 ||   123
       Call Canine Famil |     1 |    10 |    28 |    22 ||    61
       Call Imp          |     1 |     9 |    25 |    13 ||    48
       Summon Guardian G |       |       |    11 |    14 ||    25
       Summon Lightning  |       |       |     2 |    23 ||    25
Evoke: Tin of tremorston |       |       |       |     1 ||     1
  Use: Potion            |       |       |     5 |     5 ||    10
       Scroll            |       |       |     4 |    16 ||    20
 Stab: Distracted        |     2 |     1 |     4 |     3 ||    10
       Sleeping          |       |     1 |     3 |     1 ||     5
Armor: Leather armour    |    13 |     6 |     1 |       ||    20
       Ring mail         |       |       |    35 |    42 ||    77
Dodge: Dodged            |    41 |    22 |    66 |    76 ||   205
